Map: Central Protocol

Players

승진별 - Winner!

  • Race: Terran Terran

A.I. 1 (Elite)

  • Race: Protoss Protoss

VOD

Have the link to the VOD?

Description

Time

  • Played on: Nov. 23, 2015, 5:18 a.m.
  • Length: 11:40
Show
View Real Time Build Order
Export as new Build Order

승진별 Terran - Winner!

Build Orders: MMM Bio 

Get SALT Encoding   

  12  0:00  SCV  
  13  0:13  SCV  
  14  0:23  Supply Depot  
  14  0:26  SCV  
  15  0:45  SCV  
  15  0:48  Refinery, Barracks  
  17  0:57  SCV  
  17  1:09  SCV  
  18  1:14  Supply Depot  
  18  1:21  SCV  
  19  1:33  SCV  
  19  1:37  Marine  
  22  1:47  Refinery, Orbital Command  
  21  1:57  Marine  
  22  2:05  Command Center  
  22  2:14  SCV  
  22  2:15  Marine  
  24  2:29  Barracks  
  24  2:33  Marine  
  25  2:41  SCV  
  26  2:50  Barracks  
  26  2:51  Marine  
  27  2:54  SCV  
  28  3:05  Supply Depot  
  28  3:06  Supply Depot  
  28  3:08  Marine  
  28  3:11  SCV  
  30  3:17  Orbital Command  
  30  3:23  SCV, Marine  
  32  3:31  Barracks Reactor  
  32  3:38  Marine  
  33  3:41  Marine  
  34  3:52  Factory  
  34  3:55  SCV x2, Marine  
  36  3:59  Marine  
  38  4:07  Marine x2  
  40  4:14  Barracks Tech Lab  
  40  4:21  Engineering Bay  
  40  4:23  Engineering Bay, Marine  
  41  4:24  Marine  
  41  4:25  Marine  
  41  4:29  SCV x2  
  45  4:34  Marauder  
  45  4:38  Factory Reactor  
  47  4:41  SCV x2  
  47  4:42  Marine x2  
  47  4:45  Starport  
  51  4:51  Missile Turret  
  51  4:52  Terran Infantry Weapons Level 1  
  51  4:55  Terran Infantry Armor Level 1  
  51  4:58  Barracks Tech Lab  
  51  5:00  Marine x2  
  51  5:04  Missile Turret  
  53  5:08  SCV x2  
  53  5:12  Refinery  
  55  5:15  Refinery  
  55  5:19  Missile Turret  
  55  5:25  Missile Turret  
  55  5:31  Factory Reactor, Marine x2  
  55  5:33  Marauder  
  55  5:34  Marauder  
  61  5:39  Stimpack  
  61  5:43  Combat Shields  
  61  5:53  SCV  
  62  6:01  Supply Depot  
  62  6:02  Supply Depot  
  62  6:03  Supply Depot  
  62  6:10  Armory  
  62  6:22  SCV x2  
  64  6:27  Barracks, Marine x2  
  64  6:28  Marauder  
  64  6:30  Barracks, Marauder  
  70  6:33  Medivac  
  70  6:34  SCV  
  70  6:37  SCV  
  70  6:38  Medivac  
  76  6:43  Widow Mine  
  76  6:44  Widow Mine  
  80  6:50  SCV x2  
  82  7:03  Marauder x2  
  86  7:10  Medivac x2, Marine x2  
  86  7:15  Supply Depot  
  92  7:16  Supply Depot  
  92  7:20  Barracks Reactor, Barracks Tech Lab  
  92  7:27  Terran Infantry Weapons Level 2  
  92  7:29  Terran Infantry Armor Level 2  
  92  7:36  Marine, Marauder  
  95  7:39  Marauder  
  95  7:41  Marine  
  98  7:49  Marauder  
  100  7:54  Marine  
  100  7:57  Marauder, Marine  
  102  7:59  Marine  
  102  8:00  Marauder  
  105  8:13  Medivac x2  
  105  8:16  Marine  
  110  8:51  Supply Depot  
  110  8:52  Supply Depot  
  110  8:53  Supply Depot  
  110  9:00  Marauder  
  110  9:01  Marine  
  110  9:04  Marauder, Widow Mine, Marine x3  
  110  9:05  Widow Mine, Marauder  
  104  9:13  SCV  
  105  9:22  Command Center, Marauder, Marine  
  106  9:25  Marauder  
  106  9:26  Marauder  
  106  9:29  Medivac x2  
  112  9:33  Marine x3  
  115  9:39  Marine  
  115  9:43  Marauder  
  118  9:47  Marauder  
  118  9:48  Marauder  
  118  9:50  Marine  
  123  9:59  Marine x3  
  126  10:04  Marauder  
  122  10:08  Marine, Marauder  
  122  10:09  Marauder  
  115  10:26  Marine x3, Marauder  
  115  10:27  Marine  
  116  10:30  Marauder  
  116  10:31  Marauder  
  113  10:44  Marine x3  
  113  10:47  Marauder  
  116  10:51  Marauder  
  116  10:52  Marauder  
  118  11:00  Marine  
  118  11:02  Marine x3  
  105  11:09  Marauder  
  94  11:12  Marauder  
  94  11:13  Marauder  
  94  11:17  Marine  
  88  11:19  Marine  
  88  11:20  Marine  
Show
View Real Time Build Order
Export as new Build Order

A.I. 1 (Elite) Protoss 

Build Orders: 1 Gate Expand, Zealot Archon 

Get SALT Encoding   

  12  0:01  Probe (Chrono Boost)  
  13  0:11  Probe (Chrono Boost)  
  14  0:20  Pylon  
  14  0:22  Probe (Chrono Boost)  
  15  0:38  Probe (Chrono Boost)  
  16  0:48  Probe (Chrono Boost)  
  17  0:51  Gateway  
  17  0:59  Probe (Chrono Boost)  
  18  1:10  Probe (Chrono Boost)  
  19  1:11  Assimilator  
  19  1:15  Pylon  
  19  1:20  Probe (Chrono Boost)  
  20  1:31  Probe (Chrono Boost)  
  21  1:33  Nexus  
  21  1:46  Cybernetics Core  
  21  1:48  Zealot  
  23  2:03  Gateway  
  23  2:05  Probe (Chrono Boost)  
  24  2:15  Pylon  
  25  2:16  Probe (Chrono Boost)  
  25  2:19  Zealot  
  25  2:21  Warp Gate  
  27  2:27  Probe (Chrono Boost)  
  28  2:37  Assimilator  
  28  2:39  Probe (Chrono Boost)  
  29  2:45  Adept  
  29  2:50  Probe (Chrono Boost)  
  29  2:51  Adept  
  32  2:58  Probe (Chrono Boost)  
  35  3:05  Pylon  
  35  3:07  Probe (Chrono Boost)  
  35  3:10  Adept  
  38  3:15  Stalker  
  41  3:27  Probe (Chrono Boost)  
  41  3:35  Stalker, Gateway  
  41  3:36  Probe (Chrono Boost)  
  44  3:44  Stalker  
  44  3:45  Probe (Chrono Boost)  
  47  3:54  Probe (Chrono Boost)  
  48  3:57  Probe (Chrono Boost)  
  49  4:03  Stalker  
  49  4:06  Probe (Chrono Boost)  
  49  4:09  Probe (Chrono Boost)  
  53  4:12  Stalker  
  56  4:17  Probe (Chrono Boost)  
  56  4:20  Probe (Chrono Boost)  
  57  4:29  Stalker, Probe (Chrono Boost)  
  61  4:31  Probe (Chrono Boost)  
  61  4:33  Pylon  
  61  4:40  Pylon  
  61  4:51  Stalker x2, Probe (Chrono Boost)  
  61  4:52  Probe (Chrono Boost)  
  67  4:56  Stalker  
  69  5:01  Pylon  
  69  5:03  Probe (Chrono Boost)  
  69  5:04  Probe (Chrono Boost)  
  71  5:09  Pylon  
  71  5:12  Stalker  
  71  5:13  Stalker  
  76  5:15  Probe x2 (Chrono Boost)  
  76  5:19  Stalker  
  79  5:26  Probe x2 (Chrono Boost)  
  81  5:30  Pylon  
  81  5:34  Stalker  
  83  5:35  Stalker  
  83  5:37  Probe (Chrono Boost)  
  83  5:38  Probe (Chrono Boost)  
  83  5:41  Stalker  
  89  5:45  Twilight Council  
  89  5:49  Probe x2 (Chrono Boost)  
  91  5:50  Pylon  
  91  5:57  Stalker  
  93  6:00  Assimilator  
  93  6:03  Assimilator  
  93  6:08  Zealot  
  95  6:13  Pylon  
  95  6:25  Templar Archives  
  95  6:27  Probe (Chrono Boost)  
  95  6:29  Zealot x3  
  102  6:38  Pylon  
  102  6:41  Forge  
  102  6:46  Forge  
  102  6:49  Nexus  
  102  6:57  Sentry  
  104  7:02  High Templar x2  
  108  7:15  Robotics Facility  
  108  7:16  Archon  
  108  7:18  Sentry, Pylon  
  110  7:26  Gateway  
  110  7:31  High Templar  
  112  7:39  Photon Cannon  
  112  7:41  Pylon  
  112  7:44  High Templar  
  114  7:58  Zealot  
  114  7:59  Zealot  
  114  8:03  Probe x3 (Chrono Boost), Observer, Archon  
  114  8:04  Photon Cannon  
  118  8:13  High Templar  
  118  8:14  Probe (Chrono Boost)  
  118  8:15  Probe x2 (Chrono Boost)  
  118  8:17  Zealot  
  118  8:18  Zealot  
  127  8:20  Zealot  
  127  8:22  Warp Prism, Assimilator  
  127  8:23  Nexus  
  127  8:25  Probe (Chrono Boost), Assimilator  
  127  8:27  Probe x2 (Chrono Boost)  
  134  8:31  Pylon  
  134  8:36  Probe (Chrono Boost), High Templar  
  134  8:37  Sentry  
  134  8:38  Probe (Chrono Boost), Zealot  
  142  8:44  Zealot  
  142  8:45  Probe (Chrono Boost)  
  142  8:48  Probe (Chrono Boost)  
  146  8:50  Probe (Chrono Boost)  
  146  8:53  Pylon  
  147  8:57  Probe (Chrono Boost), Zealot  
  147  8:59  Probe (Chrono Boost), Zealot  
  147  9:01  Probe (Chrono Boost)  
  145  9:03  Zealot  
  145  9:07  Zealot  
  145  9:08  Probe (Chrono Boost)  
  145  9:10  Probe (Chrono Boost)  
  145  9:12  Psionic Storm  
  145  9:13  Probe (Chrono Boost)  
  145  9:16  Zealot  
  148  9:18  Zealot  
  148  9:19  Pylon  
  148  9:22  Sentry  
  146  9:26  High Templar, Archon  
  148  9:34  Immortal  
  148  9:35  High Templar  
  148  9:37  Zealot  
  156  9:41  Pylon  
  156  9:42  Nexus  
  156  9:43  Zealot  
  154  9:52  Archon  
  154  9:56  Zealot x2  
  158  10:02  High Templar  
  158  10:04  High Templar  
  158  10:05  Pylon  
  162  10:12  Observer  
  163  10:15  Zealot  
  163  10:16  Zealot  
  163  10:18  Probe (Chrono Boost)  
  163  10:19  Probe (Chrono Boost)  
  163  10:21  Probe (Chrono Boost)  
  158  10:30  Probe x2 (Chrono Boost), Pylon  
  158  10:33  Probe (Chrono Boost), Observer, High Templar  
  159  10:36  High Templar  
  159  10:42  Probe (Chrono Boost)  
  155  10:45  Probe (Chrono Boost)  
  155  10:47  Zealot  
  151  10:52  Warp Prism  
  151  10:53  Archon  
  151  10:54  Probe (Chrono Boost), High Templar  
  47  11:29  Nexus  
Tags
 
Add a new tag
Caveats
  • Supply blocks, unpowered buildings, or Contaminate may cause inaccurate times.
  • Supply counts are checked every 10 seconds.